TOP OF THE 1ST |
Tri-City Dust Devils batting - Pitching for Batavia Muckdogs : RHP Mike Shields
|
Pitching: RHP Mike Shields
|
|
Batting: SHB Cesar Arteaga
|
0-0: Ground out 4-3 (Groundball, 4, EV 106.9 MPH)
|
Batting: RHB Pleun Smit
|
0-0: Ball 1-0: Swinging Strike 1-1: Swinging Strike 1-2: Foul Ball, location: 2F 1-2: Strikes out looking
|
Batting: LHB Justin Rankin
|
0-0: Ball 1-0: Called Strike 1-1: Foul Ball, location: 2F 1-2: Strikes out looking
|
Top of the 1st over - 0 runs, 0 hits, 0 errors, 0 left on base; Tri-City 0 - Batavia 0 |
BOTTOM OF THE 1ST |
Batavia Muckdogs batting - Pitching for Tri-City Dust Devils : LHP David French
|
Pitching: LHP David French
|
|
Batting: SHB Justin Corbett
|
0-0: Called Strike 0-1: Swinging Strike 0-2: Foul Ball, location: 2F 0-2: SINGLE (Groundball, 34D, EV 98.8 MPH)
|
Batting: RHB Andy Kelly
|
0-0: SINGLE (Line Drive, 78M, EV 108.8 MPH) Justin Corbett to second
|
Batting: RHB Justin Dunham
|
0-0: Ball 1-0: Ball 2-0: Ball 3-0: Called Strike 3-1: Fly out, F6 (Popup, 6, EV 63.1 MPH)
|
Batting: RHB Rick English
|
0-0: Fly out, F7 (Flyball, 78M, EV 89.4 MPH)
|
Batting: RHB George Boivin
|
0-0: Foul Ball, location: 2F 0-1: Foul Ball, location: 2F 0-2: Fielders Choice at 2nd, 6-4 (Groundball, 6, EV 83.1 MPH)
|
Bottom of the 1st over - 0 runs, 2 hits, 0 errors, 2 left on base; Tri-City 0 - Batavia 0 |
TOP OF THE 2ND |
Tri-City Dust Devils batting - Pitching for Batavia Muckdogs : RHP Mike Shields
|
Batting: SHB Jared Boyce
|
0-0: Called Strike 0-1: Ball 1-1: Ball 2-1: Foul Ball, location: 2F 2-2: Ground out 4-3 (Groundball, 4, EV 102.5 MPH)
|
Batting: RHB Andy Solorzano
|
0-0: Swinging Strike 0-1: Called Strike 0-2: Strikes out looking
|
Batting: RHB Drew Duncan
|
0-0: Ball 1-0: Called Strike 1-1: Swinging Strike 1-2: Strikes out swinging
|
Top of the 2nd over - 0 runs, 0 hits, 0 errors, 0 left on base; Tri-City 0 - Batavia 0 |
BOTTOM OF THE 2ND |
Batavia Muckdogs batting - Pitching for Tri-City Dust Devils : LHP David French
|
Batting: RHB Jim Fisher
|
0-0: Ball 1-0: Called Strike 1-1: Ball 2-1: Swinging Strike 2-2: Foul Ball, location: 2F 2-2: Strikes out swinging
|
Batting: RHB Hiromitsu Yamada
|
0-0: Ball 1-0: Ground out 5-3 (Groundball, 56, EV 85.0 MPH)
|
Batting: RHB Jeremy Dennis
|
0-0: Called Strike 0-1: Fly out, F8 (Flyball, 8LD, EV 102.5 MPH)
|
Bottom of the 2nd over - 0 runs, 0 hits, 0 errors, 0 left on base; Tri-City 0 - Batavia 0 |
TOP OF THE 3RD |
Tri-City Dust Devils batting - Pitching for Batavia Muckdogs : RHP Mike Shields
|
Batting: SHB Blake Abbott
|
0-0: Foul Ball, location: 2F 0-1: Foul Ball, location: 2F 0-2: Ball 1-2: Foul Ball, location: 2F 1-2: Ball 2-2: Foul Ball, location: 2F 2-2: Fly out, F7 (Flyball, 78D, EV 93.1 MPH)
|
Batting: LHB Paul Collins
|
0-0: Ball 1-0: Foul Ball, location: 2F 1-1: Foul Ball, location: 2F 1-2: Ball 2-2: Fly out, F7 (Flyball, 78S, EV 90.0 MPH)
|
Batting: RHB Joel Vazquez
|
0-0: Ball 1-0: Ball 2-0: Foul Ball, location: 2F 2-1: Swinging Strike 2-2: Fly out, F8 (Line Drive, 8RS, EV 92.5 MPH)
|
Top of the 3rd over - 0 runs, 0 hits, 0 errors, 0 left on base; Tri-City 0 - Batavia 0 |
BOTTOM OF THE 3RD |
Batavia Muckdogs batting - Pitching for Tri-City Dust Devils : LHP David French
|
Batting: RHB Calvin Morin
|
0-0: Swinging Strike 0-1: Called Strike 0-2: Fly out, F9 (Flyball, 9, EV 94.4 MPH)
|
Batting: SHB Justin Corbett
|
0-0: Called Strike 0-1: Foul Ball, location: 2F 0-2: SINGLE (Flyball, 7S, EV 93.8 MPH)
|
Batting: RHB Andy Kelly
|
0-0: Ball 1-0: Called Strike 1-1: Called Strike 1-2: Ball 2-2: Strikes out looking
|
Batting: RHB Justin Dunham
|
0-0: Ball 1-0: Foul Ball, location: 2F 1-1: Swinging Strike 1-2: Foul Ball, location: 2F 1-2: Strikes out looking
|
Bottom of the 3rd over - 0 runs, 1 hit, 0 errors, 1 left on base; Tri-City 0 - Batavia 0 |
TOP OF THE 4TH |
Tri-City Dust Devils batting - Pitching for Batavia Muckdogs : RHP Mike Shields
|
Batting: SHB Cesar Arteaga
|
0-0: Ball 1-0: Ball 2-0: Ground out U3 (Groundball, 34, EV 84.4 MPH)
|
Batting: RHB Pleun Smit
|
0-0: Ball 1-0: Foul Ball, location: 2F 1-1: Called Strike 1-2: Ball 2-2: Foul Ball, location: 2F 2-2: Fly out, F7 (Line Drive, 7S, EV 93.8 MPH)
|
Batting: LHB Justin Rankin
|
0-0: Called Strike 0-1: Ball 1-1: Ball 2-1: Foul Ball, location: 2F 2-2: Ball 3-2: SINGLE (Line Drive, 9S, EV 99.4 MPH)
|
Batting: SHB Jared Boyce
|
0-0: Swinging Strike 0-1: Swinging Strike 0-2: Ball 1-2: Strikes out swinging
|
Top of the 4th over - 0 runs, 1 hit, 0 errors, 1 left on base; Tri-City 0 - Batavia 0 |
BOTTOM OF THE 4TH |
Batavia Muckdogs batting - Pitching for Tri-City Dust Devils : LHP David French
|
Batting: RHB Rick English
|
0-0: Ball 1-0: SINGLE (Groundball, 5D, EV 94.4 MPH)
|
Batting: RHB George Boivin
|
0-0: Fly out, F6 (Popup, 6S, EV 65.0 MPH)
|
Batting: RHB Jim Fisher
|
0-0: Called Strike 0-1: Swinging Strike Rick English steals 2nd base 0-2: Strikes out swinging
|
Batting: RHB Hiromitsu Yamada
|
0-0: Foul Ball, location: 2F 0-1: Ground out 5-3 (Groundball, 56, EV 101.9 MPH)
|
Bottom of the 4th over - 0 runs, 1 hit, 0 errors, 1 left on base; Tri-City 0 - Batavia 0 |
TOP OF THE 5TH |
Tri-City Dust Devils batting - Pitching for Batavia Muckdogs : RHP Mike Shields
|
Batting: RHB Andy Solorzano
|
0-0: Ball 1-0: Ball 2-0: Foul Ball, location: 2F 2-1: Ball 3-1: Foul Ball, location: 2F 3-2: Strikes out looking
|
Batting: RHB Drew Duncan
|
0-0: Called Strike 0-1: Foul Ball, location: 2F 0-2: Strikes out looking
|
Batting: SHB Blake Abbott
|
0-0: Ball 1-0: Swinging Strike 1-1: Called Strike 1-2: Foul Ball, location: 2F 1-2: Strikes out swinging
|
Top of the 5th over - 0 runs, 0 hits, 0 errors, 0 left on base; Tri-City 0 - Batavia 0 |
BOTTOM OF THE 5TH |
Batavia Muckdogs batting - Pitching for Tri-City Dust Devils : LHP David French
|
Batting: RHB Jeremy Dennis
|
0-0: Ball 1-0: Reached on error, E4 (Groundball, 4, EV 89.4 MPH)
|
Batting: RHB Calvin Morin
|
0-0: Called Strike 0-1: Ball 1-1: Called Strike 1-2: Ball Jeremy Dennis steals 2nd base (no throw) 2-2: Strikes out looking
|
Batting: SHB Justin Corbett
|
0-0: Ball 1-0: Ball 2-0: Ball 3-0: Base on Balls
|
Batting: RHB Andy Kelly
|
0-0: Ball 1-0: Called Strike 1-1: Ball 2-1: Fly out, F7 (Flyball, 78M, EV 89.4 MPH)
|
Batting: RHB Justin Dunham
|
0-0: Foul Ball, location: 2F 0-1: Ball 1-1: Ball 2-1: Reached on error, E5 (Groundball, 56, EV 82.5 MPH) Jeremy Dennis to third Justin Corbett to second
|
Batting: RHB Rick English
|
0-0: Called Strike 0-1: Foul Ball, location: 2F 0-2: Ball 1-2: Ball 2-2: Strikes out looking
|
Bottom of the 5th over - 0 runs, 0 hits, 2 errors, 3 left on base; Tri-City 0 - Batavia 0 |
TOP OF THE 6TH |
Tri-City Dust Devils batting - Pitching for Batavia Muckdogs : RHP Mike Shields
|
Batting: LHB Paul Collins
|
0-0: Fly out, F9 (Flyball, 9, EV 88.1 MPH)
|
Batting: RHB Joel Vazquez
|
0-0: Foul Ball, location: 2F 0-1: Swinging Strike 0-2: Ball 1-2: Foul Ball, location: 2F 1-2: Ball 2-2: Strikes out swinging
|
Batting: SHB Cesar Arteaga
|
0-0: Called Strike 0-1: Ball 1-1: Called Strike 1-2: Ball 2-2: Foul Ball, location: 2F 2-2: Ball 3-2: Base on Balls
|
Batting: RHB Pleun Smit
|
0-0: Ball 1-0: Foul Ball, location: 2F 1-1: Ball 2-1: SINGLE (Line Drive, 78S, EV 97.5 MPH) Cesar Arteaga to second
|
Batting: LHB Justin Rankin
|
0-0: Ball 1-0: Called Strike 1-1: Ball 2-1: Foul Ball, location: 2F 2-2: Fly out, F4 (Popup, 4MD, EV 69.4 MPH)
|
Top of the 6th over - 0 runs, 1 hit, 0 errors, 2 left on base; Tri-City 0 - Batavia 0 |
BOTTOM OF THE 6TH |
Batavia Muckdogs batting - Pitching for Tri-City Dust Devils : LHP David French
|
Batting: RHB George Boivin
|
0-0: Called Strike 0-1: Ball 1-1: Ball 2-1: Called Strike 2-2: Foul Ball, location: 2F 2-2: DOUBLE (Line Drive, 89D, EV 98.1 MPH)
|
Batting: RHB Jim Fisher
|
0-0: Called Strike 0-1: Ball 1-1: Ball 2-1: Swinging Strike 2-2: SINGLE (Groundball, 34D, EV 105.0 MPH) George Boivin to third Runner from 3rd tries for Home, SAFE, throw by RF to home
|
Batting: RHB Hiromitsu Yamada
|
0-0: Called Strike 0-1: Ball 1-1: Ball 2-1: Ball 3-1: DOUBLE (Groundball, 5L, EV 102.5 MPH) Jim Fisher to third
|
Batting: RHB Jeremy Dennis
|
0-0: Foul Ball, location: 2F 0-1: Hit by Pitch
|
Batting: RHB Calvin Morin
|
0-0: Ball 1-0: Foul Ball, location: 2F 1-1: DOUBLE (Line Drive, 7LM, EV 105.6 MPH) Jim Fisher scores Hiromitsu Yamada scores Jeremy Dennis to third
|
Batting: SHB Justin Corbett
|
0-0: Intentional Walk
|
Batting: RHB Andy Kelly
|
0-0: Ball 1-0: Ball 2-0: Called Strike 2-1: Foul Ball, location: 2F 2-2: Ball 3-2: Strikes out swinging
|
Pitching: RHP Tim bin Fadi
|
|
Batting: RHB Justin Dunham
|
0-0: Ball 1-0: Called Strike 1-1: Swinging Strike 1-2: Foul Ball, location: 2F 1-2: Ball 2-2: SINGLE (Line Drive, 56, EV 106.9 MPH) Jeremy Dennis scores Calvin Morin to third Justin Corbett to second Runner from 3rd tries for Home, SAFE, throw by LF to home
|
Batting: RHB Rick English
|
0-0: Ball 1-0: Ball 2-0: Called Strike 2-1: DOUBLE (Line Drive, 78D, EV 110.0 MPH) Justin Corbett scores Justin Dunham to third
|
Batting: RHB George Boivin
|
0-0: Ball 1-0: Ball 2-0: Called Strike 2-1: SINGLE (Line Drive, 89S, EV 86.2 MPH) Justin Dunham scores Rick English to third
|
Batting: RHB Jim Fisher
|
0-0: Ball 1-0: Swinging Strike 1-1: Fly out, F8 (Flyball, 8RM, EV 81.9 MPH) Runner from 3rd tags up, OUT at HOME! 8-2
|
Bottom of the 6th over - 7 runs, 7 hits, 0 errors, 1 left on base; Tri-City 0 - Batavia 7 |
TOP OF THE 7TH |
Tri-City Dust Devils batting - Pitching for Batavia Muckdogs : RHP Mike Shields
|
Batting: SHB Jared Boyce
|
0-0: Ball 1-0: Ball 2-0: Called Strike 2-1: DOUBLE (Flyball, 78XD, EV 105.6 MPH)
|
Pinch Hitting: RHB Bob Raine
|
0-0: Foul Ball, location: 2F 0-1: Swinging Strike 0-2: Foul Ball, location: 2F 0-2: Strikes out swinging
|
Batting: RHB Drew Duncan
|
0-0: Ball 1-0: Ball 2-0: Swinging Strike 2-1: Called Strike 2-2: Foul Ball, location: 2F 2-2: Ground out 3-1 (Groundball, 34, EV 85.0 MPH) Jared Boyce to third
|
Pitching: LHP Matt Boehm
|
|
Batting: SHB Blake Abbott
|
0-0: Called Strike 0-1: Ball 1-1: Called Strike 1-2: Ball 2-2: Foul Ball, location: 2F 2-2: Strikes out swinging
|
Top of the 7th over - 0 runs, 1 hit, 0 errors, 1 left on base; Tri-City 0 - Batavia 7 |
BOTTOM OF THE 7TH |
Batavia Muckdogs batting - Pitching for Tri-City Dust Devils : RHP Tim bin Fadi
|
Now at 1B: Terry Sutherland
|
|
Batting: RHB Hiromitsu Yamada
|
0-0: Ball 1-0: Fly out, F8 (Flyball, 8LD, EV 103.1 MPH)
|
Batting: RHB Jeremy Dennis
|
0-0: Called Strike 0-1: Foul Ball, location: 2F 0-2: Ball 1-2: Foul Ball, location: 2F 1-2: Ball 2-2: SINGLE (Groundball, 6S, EV 71.9 MPH) (infield hit)
|
Batting: RHB Calvin Morin
|
0-0: Ball Jeremy Dennis steals 2nd base 1-0: Ball 2-0: Foul Ball, location: 2F 2-1: SINGLE (Groundball, 56S, EV 73.1 MPH) (infield hit) Jeremy Dennis to third
|
Batting: SHB Justin Corbett
|
0-0: Called Strike Calvin Morin steals 2nd base 0-1: Ball 1-1: Called Strike 1-2: Strikes out swinging
|
Batting: RHB Andy Kelly
|
0-0: Called Strike 0-1: Ball 1-1: Ground out 6-3 (Groundball, 6, EV 95.6 MPH)
|
Bottom of the 7th over - 0 runs, 2 hits, 0 errors, 2 left on base; Tri-City 0 - Batavia 7 |
TOP OF THE 8TH |
Tri-City Dust Devils batting - Pitching for Batavia Muckdogs : LHP Matt Boehm
|
Batting: LHB Paul Collins
|
0-0: Called Strike 0-1: Foul Ball, location: 2F 0-2: Foul Ball, location: 2F 0-2: Ball 1-2: Strikes out swinging
|
Batting: RHB Joel Vazquez
|
0-0: Ball 1-0: Foul Ball, location: 2F 1-1: Ground out 5-3 (Groundball, 56S, EV 92.5 MPH)
|
Batting: SHB Cesar Arteaga
|
0-0: Ball 1-0: Swinging Strike 1-1: Foul Ball, location: 2F 1-2: Ball 2-2: Ball 3-2: Foul Ball, location: 2F 3-2: Foul Ball, location: 2F 3-2: Fly out, F8 (Flyball, 8RD, EV 107.5 MPH)
|
Top of the 8th over - 0 runs, 0 hits, 0 errors, 0 left on base; Tri-City 0 - Batavia 7 |
BOTTOM OF THE 8TH |
Batavia Muckdogs batting - Pitching for Tri-City Dust Devils : RHP Tim bin Fadi
|
Batting: RHB Justin Dunham
|
0-0: Called Strike 0-1: Ball 1-1: Called Strike 1-2: Ball 2-2: Ball 3-2: Strikes out swinging
|
Batting: RHB Rick English
|
0-0: Called Strike 0-1: Ball 1-1: Ball 2-1: Foul Ball, location: 2F 2-2: Foul Ball, location: 2F 2-2: Strikes out swinging
|
Batting: RHB George Boivin
|
0-0: Called Strike 0-1: Ball 1-1: Fly out, F7 (Flyball, 7D, EV 91.2 MPH)
|
Bottom of the 8th over - 0 runs, 0 hits, 0 errors, 0 left on base; Tri-City 0 - Batavia 7 |
TOP OF THE 9TH |
Tri-City Dust Devils batting - Pitching for Batavia Muckdogs : LHP Matt Boehm
|
Batting: RHB Pleun Smit
|
0-0: Called Strike 0-1: Ball 1-1: Fly out, F8 (Flyball, 8LD, EV 98.8 MPH)
|
Batting: LHB Justin Rankin
|
0-0: Called Strike 0-1: Foul Ball, location: 2F 0-2: Ball 1-2: Ground out 6-3 (Groundball, 6M, EV 76.2 MPH)
|
Batting: SHB Jared Boyce
|
0-0: Foul Ball, location: 2F 0-1: Called Strike 0-2: Ball 1-2: Ball 2-2: Strikes out looking
|
Top of the 9th over - 0 runs, 0 hits, 0 errors, 0 left on base; Tri-City 0 - Batavia 7 |
|